[Event "Early-Titled-Tuesday-Blitz-January-30-2024"]
[Site "Chess.com"]
[Date "2024.01.30"]
[Round "4"]
[White "JeFumeDesClopes"]
[Black "the_chess_child"]
[Result "1/2-1/2"]
[WhiteElo "2560"]
[BlackElo "2874"]
[TimeControl "180+1"]
[EndTime "8:42:01 PST"]
[Termination "Game drawn by repetition"]

1. e4 c5 2. Nc3 d6 3. d4 cxd4 4. Qxd4 Nc6 5. Qd2 g6 6. b3 Bh6 7. f4 Nf6 8. Bb2 O-O 9. O-O-O e5 10. g3 Bg4 11. Be2 Nd4 12. Kb1 Rc8 13. Bxg4 Nxg4 14. Nge2 Nf2 15. Nxd4 Nxd1 16. Nxd1 exd4 17. Qxd4 f6 18.
Ne3 Bg7 19. Qxa7 Qe7 20. Qd4 Rfe8 21. Rd1 Qxe4 22. Qxe4 Rxe4 23. Nc4 Re2 24. a4 Rxh2 25. Rxd6 Rg2 26. Rd3 h5 27. a5 g5 28. fxg5 fxg5 29.
Bxg7 Kxg7 30. Rd7+ Kg6 31. Rxb7 Rxg3 32. Rb6+ Kg7 33.
Nd6 Rg1+ 34. Kb2 Ra8 35. a6 h4 36. Nf5+ Kf7 37. b4 h3 38. Rh6 g4 39. b5 Rf1 40. Ne3 Rf4 41. Kb3 Rf3 42. b6 Rxe3+ 43. c3 Rxa6 44. b7 Rxh6 45. b8=Q Rhe6 46. Qf4+ Ke7 47.
Qxg4 Kd6 48. Qd4+ Kc6 49. Qc4+ Kd7 50. Qd5+ Ke7 51. Qg5+ Kf7 52. Qf5+ Ke8 53. Qh5+ Kd7 54. Qd5+ Kc7 55. Qc5+ Kb7 56. Qd5+ Rc6 57. Qd7+ Rc7 58. Qd5+ Kb8 59. Qd8+ Kb7 60. Qd5+ Rc6 61. Qd7+ Rc7 62. Qd5+ 1/2-1/2

[Event "Early-Titled-Tuesday-Blitz-January-30-2024"]
[Site "Chess.com"]
[Date "2024.01.30"]
[Round "4"]
[White "WindWhistler11"]
[Black "ChEsper99"]
[Result "0-1"]
[WhiteElo "2458"]
[BlackElo "2148"]
[TimeControl "180+1"]
[EndTime "8:42:02 PST"]
[Termination "ChEsper99 won by resignation"]

1. Nf3 c5 2. g3 d5 3. Bg2 Nf6 4.
c4 Nc6 5. O-O e5 6. cxd5 Nxd5 7.
d3 Be7 8. a3 Be6 9. Nbd2 O-O 10. Nc4 f6 11. Bd2 Qd7 12. Rc1 Rac8 13. e4 Nb6 14. Nxb6 axb6 15. Be3 Rfd8 16. Ne1 Nd4 17. f4 Bg4 18. Nf3 Nxf3+ 19. Bxf3 Bxf3 20. Qxf3 exf4 21.
gxf4 Qxd3 22. Rc3 Qb5 23. Rf2 Rd3 24. Qg4 Rcd8 25. Qe6+ Kf8 26. Kg2 Rxc3 27. bxc3 Qd7 28. Qxd7 Rxd7 29. Rb2 Bd8 30. Kf2 Rd3 31. Rc2 Ke8 32.
Ke2 Rd7 33. Rb2 Ke7 34. a4 Kd6 35. a5 bxa5 36. Rd2+ Kc6 37. Rxd7 Kxd7 38. Bxc5 b5 39. Kd3 Kc6 40. Bd4 a4 41. Kc2 Be7 42. h4 Bc5 43. h5 h6 44. e5 fxe5 45. Bxe5 Bf8 46. Bd4 Kd5 47. Kd3 a3 48. Kc2 Ke4 49. Be5 Kf5 50.
Kb3 Kg4 51. Bd4 Kxh5 52. f5 Kg5 53. f6 gxf6 54. Be3+ Kg6 55. Bd4 f5 56. Bf2 Kg5 57. c4 bxc4+ 58. Kxc4 Kg4 59. Bd4 f4 60. Kd3 Kg3 61.
Ke4 f3 62. Be5+ Kg2 63. Bd4 f2 0-1

[Event "Early-Titled-Tuesday-Blitz-January-30-2024"]
[Site "Chess.com"]
[Date "2024.01.30"]
[Round "4"]
[White "ATM622"]
[Black "AnaKuchava"]
[Result "1/2-1/2"]
[WhiteElo "2461"]
[BlackElo "2209"]
[TimeControl "180+1"]
[EndTime "8:42:02 PST"]
[Termination "Game drawn by repetition"]

1. d4 d5 2. c4 e6 3. Nf3 Nf6 4. Nbd2 Be7 5. g3 O-O 6. Bg2 c5 7. cxd5 cxd4 8. O-O Nxd5 9. Nxd4 Bd7 10. Nc4 Nc6 11.
Nxc6 Bxc6 12. Ne5 Rc8 13. Qb3 Qc7 14. Nxc6 Qxc6 15. e4 Nb6 16. Be3 Qc2 17. Rac1 Qxb3 18. axb3 Bb4 19. Ra1 Ra8 20. Rfc1 Rfc8 21. Bxb6 Rxc1+ 22. Rxc1 axb6 23. e5 g6 24. Bxb7 Ra2 25. Rc2 Bc5 26.
Kg2 Bd4 27. f4 Rxb2 28. Rxb2 Bxb2 29. Kf3 Bd4 30. Ke4 Bg1 31. h3 h5 32. Bc8 Kf8 33.
Kd3 Ke7 34. Kc4 Kd8 35. Bb7 Ke7 36. Kb5 Bf2 37. g4 hxg4 38. hxg4 Kd8 39. Bc6 Be3 40.
f5 gxf5 41. gxf5 exf5 42. Kc4 f4 43. Bf3 Ke7 44. Kd5 Bf2 45. Ke4 Be3 46. Kd5 Kd7 47. Bg4+ Ke7 48. b4 Kd8 49. b5 Ke7 50. Bf3 Bf2 51.
Bg4 Be3 52. Ke4 Kd8 53. Bd1 Ke7 54. Bb3 Kf8 55. Kf3 Ke7 56. Ke4 Kf8 57. Bd1 Ke7 58.
Bg4 Kf8 59. e6 Ke7 60. exf7 Kxf7 61. Kf3 Ke7 62. Bh3 Kd6 63. Bg4 Kc5 64. Bd7 Kd4 65. Be8 Kc5 66. Bd7 Kd4 67. Be8 Kc5 68. Bd7 1/2-1/2

[Event "Early-Titled-Tuesday-Blitz-January-30-2024"]
[Site "Chess.com"]
[Date "2024.01.30"]
[Round "4"]
[White "Iuckyducky"]
[Black "Better_Chess_Faster"]
[Result "1-0"]
[WhiteElo "2364"]
[BlackElo "2130"]
[TimeControl "180+1"]
[EndTime "8:42:03 PST"]
[Termination "Iuckyducky won by checkmate"]

1. e4 Nf6 2. e5 Nd5 3. d4 d6 4. f4 dxe5 5. fxe5 c5 6. c3 Nc6 7.
Nf3 Bg4 8. Be2 e6 9. O-O Be7 10. Kh1 O-O 11. h3 Bxf3 12. Bxf3 cxd4 13. cxd4 Rc8 14. Nc3 Nb6 15. Be3 Nc4 16. Bg1 Nxb2 17. Qb3 Qb6 18. Qc2 Nxd4 19. Qe4 Rfd8 20. Ne2 Rc4 21. Nxd4 Rcxd4 22. Qe2 Nd3 23. Rab1 Qa5 24. Bxd4 Rxd4 25. Rxb7 Bf8 26. Be4 g6 27. Bxd3 Qd5 28. Rbxf7 Bh6 29. Bc2 Rd2 30. Bb3 Rxe2 31. Bxd5 exd5 32.
Rxa7 Rxe5 33. a4 Be3 34. Ra8+ Kg7 35. a5 d4 36. a6 Ra5 37. a7 d3 38. Re1 d2 39.
Rd1 Rxa7 40. Rxa7+ Bxa7 41. Rxd2 Be3 42. Ra2 Kf6 43. Kh2 h5 44. Kg3 Bg5 45. Kf3 Bh4 46.
Ra6+ Kf7 47. Ra7+ Be7 48. Kf4 Kf6 49. Ra6+ Kf7 50. Ke5 Bd8 51. Ra7+ Kg8 52. Ke6 Bg5 53. Rb7 Kh8 54. Kf7 Bf4 55. Kxg6 h4 56. Kh5 Bg3 57. Rb3 Kg8 58. Kg4 Kg7 59. Rxg3 Kg6 60. Rf3 Kh6 61. Kxh4 Kg6 62. g4 Kg7 63. g5 Kg6 64.
Kg4 Kg7 65. Kh5 Kh7 66. Rf7+ Kg8 67. Kg6 Kh8 68. Rf8# 1-0

[Event "Early-Titled-Tuesday-Blitz-January-30-2024"]
[Site "Chess.com"]
[Date "2024.01.30"]
[Round "4"]
[White "RaulPerezGuerra"]
[Black "guillembaches"]
[Result "0-1"]
[WhiteElo "2320"]
[BlackElo "2548"]
[TimeControl "180+1"]
[EndTime "8:42:04 PST"]
[Termination "guillembaches won by resignation"]

1. b3 d5 2. Bb2 Bf5 3. Nf3 e6 4. d3 Nf6 5. Nbd2 h6 6. g3 Bh7 7.
Bg2 Bd6 8. O-O O-O 9. Re1 Nbd7 10. e4 dxe4 11. dxe4 e5 12. Nc4 Qe7 13. Nxd6 cxd6 14. Ba3 Nxe4 15. Rxe4 Bxe4 16. Bxd6 Qe6 17. Bxf8 Rxf8 18.
Ng5 hxg5 19. Bxe4 Nc5 20. Bd5 Qe7 21. Qd2 b6 22. Qe3 a5 23. Re1 Re8 24. c4 g6 25. Qf3 Kg7 26. Kg2 f5 27. Qc3 Qf6 28. a3 e4 29. Qxf6+ Kxf6 30. b4 axb4 31. axb4 Nd3 32.
Rb1 f4 33. Rb3 f3+ 34. Kf1 g4 35. Bxe4 Rxe4 36. Rxd3 Rxc4 37. Ke1 Rxb4 38. Rd6+ Kf5 39. Rd5+ Kf6 40. Rd6+ Kf5 41. Rd5+ Ke4 42. Rd8 Rb1+ 43. Kd2 Rb2+ 44. Ke1 Re2+ 45. Kf1 Kf5 46. Rb8 Rb2 47. Ke1 b5 48. Rf8+ Kg5 49. Rh8 b4 50. h4+ gxh3 51. Rxh3 b3 52. Rh8 Re2+ 53. Kd1 b2 54. Rb8 Rxf2 55.
Rb5+ Kg4 56. Ke1 Rh2 57. Rb4+ Kxg3 58. Kd1 Rh1+ 59. Kc2 b1=Q+ 60. Rxb1 Rxb1 61. Kxb1 Kg2 0-1

[Event "Early-Titled-Tuesday-Blitz-January-30-2024"]
[Site "Chess.com"]
[Date "2024.01.30"]
[Round "4"]
[White "verrbaa"]
[Black "Iskusnyh"]
[Result "0-1"]
[WhiteElo "2479"]
[BlackElo "2667"]
[TimeControl "180+1"]
[EndTime "8:42:05 PST"]
[Termination "Iskusnyh won on time"]

1. e4 e6 2. d4 d5 3. Nc3 Nf6 4. Bg5 dxe4 5. Nxe4 Nbd7 6. Nf3 h6 7. Nxf6+ Nxf6 8.
Be3 Bd6 9. Bd3 O-O 10. O-O b6 11. c4 c5 12. dxc5 bxc5 13. Qe2 Bb7 14. Rad1 Qc7 15.
h3 Rfd8 16. Bd2 Bxf3 17. Qxf3 Bh2+ 18. Kh1 Be5 19. Bc1 Rab8 20. b3 Rd7 21. Bc2 Rbd8 22. Rxd7 Rxd7 23. Rd1 Rxd1+ 24. Qxd1 Bd4 25. Qe2 Qa5 26.
Kh2 h5 27. Bg5 g6 28. Bd3 Kg7 29. Bxf6+ Bxf6 30. g3 h4 31. Kg2 hxg3 32. fxg3 Qc3 33. h4 a5 34. Kh3 Bd4 35. Be4 Be5 36. Bf3 Bf6 37. Kg2 Qc1 38. h5 gxh5 39. Bxh5 Kf8 40. Bf3 Qg5 41. Qe4 Be5 42. Qg4 Qd2+ 43. Kh3 Qxa2 44.
Qe4 Qa1 45. Qa8+ Kg7 46. Qe4 f5 47. Qe3 Qf1+ 48. Bg2 Qa1 49. Qg5+ Kf7 50. Qh5+ Ke7 51. Qh7+ Bg7 52. Qg6 Qc3 53. Qg5+ Bf6 54. Qh6 Be5 55. Qh7+ Kd6 56. Qg6 f4 0-1

[Event "Early-Titled-Tuesday-Blitz-January-30-2024"]
[Site "Chess.com"]
[Date "2024.01.30"]
[Round "4"]
[White "Dinosaurio_1975"]
[Black "wild3000"]
[Result "1-0"]
[WhiteElo "2598"]
[BlackElo "2399"]
[TimeControl "180+1"]
[EndTime "8:42:05 PST"]
[Termination "Dinosaurio_1975 won by checkmate"]

1. e4 a6 2. d4 e6 3. c4 d6 4. Nc3 Nf6 5. f4 Be7 6. e5 Nfd7 7. Nf3 O-O 8. Bd3 c5 9. d5 b5 10. dxe6 fxe6 11. exd6 Bf6 12. O-O bxc4 13. Be4 Ra7 14.
Qe2 Nb6 15. Rd1 Bd7 16. Be3 Qc8 17. Ng5 h6 18. Nh7 Bxc3 19. Nxf8 Bc6 20. d7 N8xd7 21. Nxd7 Bxe4 22. Nxb6 Qc6 23. bxc3 Qxb6 24. h3 Rf7 25. Kh2 Qc6 26. Rd8+ Kh7 27. Rad1 Rf6 28. R1d6 Qb7 29. f5 Bxf5 30. R6d7 Qc6 31. Bf4 Rg6 32. Be5 Be4 33. Rxg7+ Rxg7 34. Bxg7 Kxg7 35. Qg4+ Bg6 36. Qf4 Bf5 37. Qe5+ Kf7 38. Qh8 Qc7+ 39. Kh1 Kg6 40. Rg8+ Kh5 41. g4+ Kh4 42. Qxh6+ Kg3 43. gxf5+ Kf3 44. Qh5+ Ke3 45. Qg5+ Kd3 46. Qg3+ Kc2 47.
fxe6 Qc6+ 48. Qg2+ Qxg2+ 49. Rxg2+ Kxc3 50. e7 Kb4 51. e8=Q a5 52. Rb2+ Kc3 53. Qe2 Kd4 54. Rd2+ Kc3 55.
Rd1 Kb4 56. Qb2+ Ka4 57. Qc2+ Kb4 58. Rb1+ Ka3 59. Qc3+ Ka4 60. Qxc4+ Ka3 61. Qb3# 1-0

[Event "Early-Titled-Tuesday-Blitz-January-30-2024"]
[Site "Chess.com"]
[Date "2024.01.30"]
[Round "4"]
[White "Alen_Yeremyann"]
[Black "Pelopidass"]
[Result "1/2-1/2"]
[WhiteElo "2739"]
[BlackElo "2561"]
[TimeControl "180+1"]
[EndTime "8:42:06 PST"]
[Termination "Game drawn by repetition"]

1. d4 Nf6 2. c4 e6 3. g3 c5 4. d5 exd5 5. cxd5 d6 6. Bg2 g6 7. Nf3 Bg7 8. O-O O-O 9. Nc3 a6 10. a4 Re8 11. Nd2 Nbd7 12. Nc4 Ne5 13. Nxe5 Rxe5 14. Bf4 Re8 15. Re1 Nh5 16. Bd2 f5 17. e4 Nf6 18. Bg5 h6 19. Bd2 fxe4 20. Nxe4 Bf5 21. Nxf6+ Qxf6 22. Bc3 Qf7 23. Qb3 g5 24. a5 Rac8 25. Qc4 Bxc3 26. bxc3 Rxe1+ 27. Rxe1 Re8 28. Rc1 Qe7 29. h3 Qe2 30. Qb3 Qd2 31. Rf1 Bd3 32. Qxb7 Bxf1 33. Bxf1 Qxc3 34. Qxa6 Re1 35. Qc8+ Kh7 36.
Qd7+ Qg7 37. Qxd6 Qa1 38. Qa6 Qd4 39. Kg2 Qe4+ 40. Kh2 Rd1 41. Bg2 Qe1 42. Qb7+ Kh8 43. Qc8+ Kg7 44. Qd7+ Kh8 45. Qc8+ Kg7 46. h4 Qxf2 47.
Qd7+ Qf7 48. Qg4 Qf6 49. Qd7+ Qf7 50. Qg4 Rd4 51. Qe2 gxh4 52. Qe3 hxg3+ 53. Qxg3+ Qg6 54.
Qe5+ Qf6 55. Qg3+ Qg6 56. Qc7+ Qf7 57. Qe5+ Qf6 58. Qg3+ Kh8 59. Qb8+ Kg7 60. Qc7+ Qf7 61. Qe5+ Qf6 1/2-1/2

[Event "Early-Titled-Tuesday-Blitz-January-30-2024"]
[Site "Chess.com"]
[Date "2024.01.30"]
[Round "4"]
[White "Road2GM3000"]
[Black "jjlai1111"]
[Result "0-1"]
[WhiteElo "2501"]
[BlackElo "2315"]
[TimeControl "180+1"]
[EndTime "8:42:06 PST"]
[Termination "jjlai1111 won by resignation"]

1. d4 d5 2. c4 c6 3. Nc3 Nf6 4. Nf3 dxc4 5. a4 Bf5 6. Bf4 Nd5 7. e3 e6 8. Bxc4 Bb4 9. O-O Nxf4 10. exf4 O-O 11.
Ne5 Nd7 12. Qe2 Nb6 13. Rad1 Nd5 14. Nxd5 exd5 15. Bd3 Qf6 16. Qh5 g6 17. Qh6 Bxd3 18.
Rxd3 Qg7 19. Qh4 f6 20. Ng4 h5 21. Ne3 Qh7 22. Nc2 Bd6 23. Rh3 Qh6 24. f5 gxf5 25. Ne3 Qg5 26. Qxh5 Qxh5 27. Rxh5 f4 28. Nf5 Bc7 29. Re1 Rae8 30. Kf1 Re4 31. f3 Rxe1+ 32. Kxe1 Re8+ 33. Kf2 Bb6 34. Rh4 Bc7 35. g3 fxg3+ 36. hxg3 Bb6 37. Rg4+ Kf8 38. Rg7 c5 39. Rd7 cxd4 40.
Rxd5 Re5 41. Rxe5 fxe5 42. Ke2 Bc5 43. Kd3 Kf7 44. Kc4 b6 45. b4 Bf8 46. b5 Kf6 47. g4 Kg5 48. Kd5 Kf4 49. Nxd4 exd4 50. Kxd4 Kxf3 51.
g5 Kf4 52. g6 Kf5 53. Kd5 Kxg6 54. Kc6 Bb4 55. Kb7 Ba5 56. Kxa7 Kf6 57. Kb7 Ke5 58.
Kc6 Kd4 59. Kd6 Kc4 60. Ke5 Kb4 61. Kd5 Kxa4 62. Kc6 Kb4 0-1

[Event "Early-Titled-Tuesday-Blitz-January-30-2024"]
[Site "Chess.com"]
[Date "2024.01.30"]
[Round "4"]
[White "Aslanov_Umid"]
[Black "KVAIDAN"]
[Result "0-1"]
[WhiteElo "2650"]
[BlackElo "2368"]
[TimeControl "180+1"]
[EndTime "8:42:08 PST"]
[Termination "KVAIDAN won by checkmate"]

1. e4 e5 2. Nf3 d5 3. exd5 e4 4. Qe2 Nf6 5. Nc3 Be7 6. Nxe4 Nxd5 7. h4 O-O 8. d3 Re8 9. Nfg5 h6 10. Qh5 Rf8 11.
Nf3 f5 12. Bxh6 Qe8 13. Qxe8 Rxe8 14. Bg5 Bxg5 15. Nxg5 fxe4 16. dxe4 Nb6 17. O-O-O Nc6 18. f4 Bg4 19. Rd2 Rad8 20. Bd3 Nb4 21. a3 Nxd3+ 22.
Rxd3 Be2 23. Rxd8 Rxd8 24. b3 Bg4 25. h5 Rd6 26. e5 Rh6 27. Rh4 Bxh5 28. f5 Be8 29.
Rf4 Rh1+ 30. Kb2 Re1 31. e6 Kf8 32. Rd4 Ke7 33. g4 Nd5 34. Nf3 Re3 35. Rxd5 Rxf3 36.
Rc5 c6 37. Rc4 Kd6 38. Rd4+ Ke7 39. c4 c5 40. Rd5 b6 41. b4 cxb4 42. axb4 Rf4 43.
g5 Rxc4 44. Kb3 Rg4 45. f6+ gxf6 46. gxf6+ Kxe6 47. Rd8 Rg8 48. Rd3 Kxf6 49. Rc3 Bf7+ 50. Ka3 Re8 51. Rc7 Re7 52. Rc6+ Ke5 53. Rc3 Kd4 54. Rc1 Bc4 55. Rd1+ Bd3 56. Kb3 b5 57. Ka3 Rc7 58. Kb3 Rc3+ 59. Kb2 Kc4 60. Ra1 Rb3+ 61. Kc1 Rb1+ 62. Rxb1 Bxb1 63. Kxb1 Kxb4 64. Kb2 a5 65.
Ka2 Kc3 66. Ka3 Kc2 67. Ka2 b4 68. Ka1 a4 69. Ka2 b3+ 70. Ka1 b2+ 71. Ka2 b1=Q+ 72.
Ka3 Qb3# 0-1

[Event "Early-Titled-Tuesday-Blitz-January-30-2024"]
[Site "Chess.com"]
[Date "2024.01.30"]
[Round "4"]
[White "thesupera12"]
[Black "Bkmzzzzz"]
[Result "1-0"]
[WhiteElo "2541"]
[BlackElo "2339"]
[TimeControl "180+1"]
[EndTime "8:42:08 PST"]
[Termination "thesupera12 won by resignation"]

1. d4 d5 2. Bg5 f6 3. Bc1 e5 4. dxe5 fxe5 5. e4 Nf6 6. exd5 Qxd5 7. Qxd5 Nxd5 8. Bc4 Nb6 9. Bb3 Nc6 10. Nf3 Bg4 11.
Nbd2 O-O-O 12. O-O Bd6 13. h3 Bh5 14. Ng5 Nd4 15.
Nde4 Nxb3 16. axb3 a6 17. c4 Bb4 18. Be3 Be2 19.
Rfc1 Rd3 20. Bxb6 cxb6 21. c5 b5 22. Nd6+ Kb8 23. Ngf7 Rf8 24. Nxe5 Bxc5 25. Nxd3 Bxd6 26. Re1 Bxd3 27. Red1 Be5 28. Rxd3 Bxb2 29. Re1 Ka7 30. Re7 Rb8 31. Rdd7 Bf6 32. Re4 Kb6 33. g4 Kc6 34. Rd3 h6 35. f4 Kc5 36. Kg2 Rf8 37. Kf3 Bh4 38. Re5+ Kb4 39. Re4+ Ka3 40. b4+ Ka4 41. Rd7 b6 42. Rxg7 Rc8 43. Ra7 Rc3+ 44. Ke2 Rxh3 45. Rxa6+ Kb3 46. Re3+ Rxe3+ 47. Kxe3 Kxb4 48. Rxb6 Bg3 49.
Rxh6 Kc4 50. Rh3 Be1 51. Ke2 Bc3 52. Kd1 b4 53. Kc2 Bd4 54. g5 Kd5 55. Kd3 b3 56. Rh1 b2 57. Rb1 Bg7 58. g6 Ke6 59. Ke4 Ke7 60. f5 Bf6 61. Kf4 Kd6 62. Kg4 Ke5 63. Re1+ Kd6 64. Kh5 Kd5 65. Kh6 Kd4 66. g7 Bxg7+ 67.
Kxg7 Kc3 68. Rb1 1-0

[Event "Early-Titled-Tuesday-Blitz-January-30-2024"]
[Site "Chess.com"]
[Date "2024.01.30"]
[Round "4"]
[White "BigAl"]
[Black "KanalSzachowy"]
[Result "1-0"]
[WhiteElo "2540"]
[BlackElo "2337"]
[TimeControl "180+1"]
[EndTime "8:42:08 PST"]
[Termination "BigAl won by resignation"]

1. Nf3 d5 2. g3 Nd7 3. Bg2 e5 4.
O-O e4 5. Ne1 f5 6. d3 Ngf6 7.
c4 c6 8. cxd5 cxd5 9. Nc3 Be7 10. Nc2 O-O 11. Nd4 Nb6 12. a4 a5 13. Ncb5 Bd7 14.
Qb3 Bb4 15. Bf4 Qe7 16. Rac1 Rac8 17. Nc2 Bxb5 18. axb5 Bc5 19. Ne3 a4 20. Qa2 Qe6 21.
dxe4 fxe4 22. Rfd1 Nh5 23. Nxd5 Nxf4 24. Ne7+ Bxe7 25.
Qxe6+ Nxe6 26. Bxe4 Rxc1 27. Rxc1 Rc8 28. Rd1 Rd8 29.
Rc1 Nd4 30. Rc7 Nxe2+ 31. Kg2 Bd6 32. Rxb7 Nc4 33. Bd5+ Kh8 34. Bxc4 Nd4 35. b6 a3 36. bxa3 Bxa3 37. Rc7 Bd6 38. Rf7 Rb8 39. b7 Nc6 40. Bd5 Ne5 41. Rf4 Nd7 42. Ra4 Nc5 43.
Rb4 g6 44. Rb6 Be7 45. f4 Kg7 46. g4 Kf8 47. Kf3 Ke8 48. Rb1 Kd8 49. Bg8 h5 50. g5 Kc7 51. Bf7 Nxb7 52. Bxg6 Rf8 53. Kg3 h4+ 54.
Kg4 Nd6 55. Re1 Nc4 56. Rxe7+ Kd6 57. Ra7 Ne3+ 58. Kf3 Nd5 59. f5 Ne7 60. Kg4 Ke5 61.
Rxe7+ 1-0

[Event "Early-Titled-Tuesday-Blitz-January-30-2024"]
[Site "Chess.com"]
[Date "2024.01.30"]
[Round "4"]
[White "PetrolulSah"]
[Black "BashirliSaadat"]
[Result "1-0"]
[WhiteElo "2197"]
[BlackElo "2373"]
[TimeControl "180+1"]
[EndTime "8:42:08 PST"]
[Termination "PetrolulSah won on time"]

1. d4 Nf6 2. g3 g6 3. Bg2 Bg7 4.
e4 d6 5. Ne2 O-O 6. O-O e5 7.
h3 Re8 8. Nbc3 exd4 9. Nxd4 Nbd7 10. Bg5 h6 11. Be3 Nc5 12. f3 Ne6 13. Re1 Bd7 14. Kh2 c6 15. Qd2 Qc7 16. Nxe6 Bxe6 17. Bxh6 d5 18.
Bxg7 Kxg7 19. f4 dxe4 20. Nxe4 Nxe4 21. Bxe4 Rad8 22. Qc3+ Kg8 23. Rad1 Rxd1 24. Rxd1 Bxh3 25. Bxg6 Bg4 26. Bxf7+ Qxf7 27. Re1 Qh5+ 28. Kg1 Rxe1+ 29. Qxe1 Qc5+ 30. Qf2 Qxf2+ 31. Kxf2 Kf7 32. Ke3 Ke6 33. Kd4 Bf5 34. c3 Kd6 35. b4 b6 36. Kc4 Be6+ 37. Kd4 Bf5 38. a3 a6 39. Kc4 Bg4 40.
Kd4 Ke6 41. Ke4 Bf5+ 42. Kd4 Kd6 43. Kc4 Be6+ 44. Kd4 Bh3 45. Ke4 Bg4 46. f5 Bh5 47. Kf4 Ke7 48. g4 Bf7 49. Ke5 Bc4 50. g5 a5 51. g6 axb4 52. axb4 b5 53. f6+ Kf8 54. Kd6 Bd5 55. Kd7 Kg8 56. Ke7 1-0

[Event "Early-Titled-Tuesday-Blitz-January-30-2024"]
[Site "Chess.com"]
[Date "2024.01.30"]
[Round "4"]
[White "Smile2005"]
[Black "GMSrinath"]
[Result "0-1"]
[WhiteElo "2455"]
[BlackElo "2825"]
[TimeControl "180+1"]
[EndTime "8:42:09 PST"]
[Termination "GMSrinath won by checkmate"]

1. e4 c5 2. Nf3 d6 3. Bb5+ Bd7 4.
Bxd7+ Nxd7 5. O-O Ngf6 6. Qe2 e6 7. b3 g6 8. Bb2 Bg7 9. c4 O-O 10. Rd1 Qa5 11. d4 cxd4 12. Nxd4 Qh5 13. f3 Nc5 14.
Nd2 Rad8 15. Nf1 Nfxe4 16. g4 Qe5 17. fxe4 Qxe4 18. Qxe4 Nxe4 19. Ng3 Ng5 20. Kg2 d5 21.
cxd5 Rxd5 22. h4 Rfd8 23. hxg5 Bxd4 24. Bxd4 Rxd4 25. Rxd4 Rxd4 26. Rc1 Rxg4 27. Kf3 Rxg5 28. Rc7 h5 29. Rxb7 h4 30. Ne4 Rg1 31. Kf2 Rc1 32.
Rxa7 Rc2+ 33. Kg1 h3 34. Ng5 Rg2+ 35. Kh1 Rxg5 36. Kh2 Rh5 37. b4 g5 38. b5 g4 39. b6 Rb5 40. b7 Kg7 41. Ra4 f5 42. Ra7 Kf6 43. Kg3 Rb2 44. b8=Q Rxb8 45. Rh7 Rb2 46. a4 Rg2+ 47. Kf4 e5+ 48. Ke3 h2 49. a5 f4+ 50. Ke4 g3 51. a6 Ra2 52. a7 g2 53. Rxh2 Ra4+ 54. Kf3 g1=Q 55. Rh6+ Kg7 56. a8=Q Qg3+ 57. Ke2 Rxa8 58. Ra6 Rxa6 59. Kd1 Ra2 60. Kc1 Qg1# 0-1

[Event "Early-Titled-Tuesday-Blitz-January-30-2024"]
[Site "Chess.com"]
[Date "2024.01.30"]
[Round "4"]
[White "ImportedItalianMaple"]
[Black "monomita"]
[Result "0-1"]
[WhiteElo "2448"]
[BlackElo "2773"]
[TimeControl "180+1"]
[EndTime "8:42:09 PST"]
[Termination "monomita won by resignation"]

1. e4 e6 2. Qe2 d5 3. exd5 Qxd5 4.
Nc3 Qd8 5. b3 Nc6 6. Nf3 Be7 7.
Bb2 Bf6 8. O-O-O Nh6 9. Rg1 Nf5 10. g4 Nfd4 11. Nxd4 Bxd4 12. Bg2 O-O 13. h4 Qxh4 14.
Bxc6 bxc6 15. Rh1 Qf6 16. Kb1 Qg6 17. f4 c5 18. Rh5 Bb7 19. f5 exf5 20. gxf5 Qg2 21.
Qxg2 Bxg2 22. Rg5 Bf3 23. Rf1 h6 24. Rg3 Bc6 25. Ne2 Bxb2 26. Kxb2 f6 27. Nf4 Rf7 28. d3 Bd7 29. Nd5 Re8 30. Rf2 Re5 31. Nxc7 Rxf5 32. Rxf5 Bxf5 33. Na6 h5 34. Nxc5 h4 35. Rf3 Bg4 36.
Rf4 f5 37. Ne4 h3 38. Ng5 Re7 39. Rf1 g6 40. Rh1 Re3 41. d4 Kg7 42. d5 Kf6 43. Nh7+ Ke5 44. c4 f4 45. Ng5 f3 46. Nxh3 Bxh3 47. Rxh3 g5 48. Rg3 g4 49. Kc2 Re2+ 50.
Kd3 Rg2 51. d6 Kxd6 52. c5+ Kxc5 53. b4+ Kxb4 0-1

[Event "Early-Titled-Tuesday-Blitz-January-30-2024"]
[Site "Chess.com"]
[Date "2024.01.30"]
[Round "4"]
[White "EfrenRamos1"]
[Black "LeoWin2012"]
[Result "1-0"]
[WhiteElo "2442"]
[BlackElo "2201"]
[TimeControl "180+1"]
[EndTime "8:42:11 PST"]
[Termination "EfrenRamos1 won on time"]

1. d4 e6 2. c4 c5 3. Nf3 cxd4 4. Nxd4 Nc6 5. Nc3 Nf6 6. g3 Bc5 7. e3 O-O 8. Bg2 d5 9. cxd5 exd5 10. Nb3 Bb4 11. O-O Bxc3 12. bxc3 Re8 13. h3 Ne4 14.
Bb2 Bf5 15. Nd4 Bg6 16. Nxc6 bxc6 17. c4 dxc4 18. Qc1 Qd3 19. Re1 c3 20. Ba3 Rad8 21. Rb1 Nd2 22. Rb7 Be4 23. Qd1 c2 24. Qh5 Bg6 25.
Qc5 Ne4 26. Qa5 Qd2 27. Qxd2 Rxd2 28. Bc1 Rd1 29. Kf1 Nc3 30. e4 h6 31. f3 Rxe1+ 32. Kxe1 Rd8 33. Bd2 Nb1 34. Be3 Rd1+ 35. Ke2 c1=Q 36.
Bxc1 Rxc1 37. Rb8+ Kh7 38. f4 Rc2+ 39. Kf1 Nd2+ 40. Kg1 Nxe4 41. g4 Ng3 42. f5 Ne2+ 43. Kh1 Nf4 44. Be4 Rc1+ 45. Kh2 Bxf5 46. gxf5 f6 47. Rc8 Re1 48. Bxc6 Re2+ 49. Kg3 Rxa2 50. Kxf4 Rf2+ 51. Bf3 a5 52. Kg3 Rf1 53. Kg2 Ra1 54. Bh5 g5 55. fxg6+ Kg7 56. Rc7+ Kg8 57. Bf3 Ra2+ 58.
Kg3 Rd2 59. Kf4 a4 60. Be4 a3 61. Bf5 1-0

[Event "Early-Titled-Tuesday-Blitz-January-30-2024"]
[Site "Chess.com"]
[Date "2024.01.30"]
[Round "4"]
[White "LastHeroJr"]
[Black "alexrustemov"]
[Result "1-0"]
[WhiteElo "2474"]
[BlackElo "2770"]
[TimeControl "180+1"]
[EndTime "8:42:12 PST"]
[Termination "LastHeroJr won by checkmate"]

1. e4 e6 2. d4 d5 3. Nd2 dxe4 4. Nxe4 Bd7 5. Nf3 Bc6 6. Bd3 Nd7 7. O-O Ngf6 8. Bg5 Be7 9. Nxf6+ Bxf6 10. Bxf6 Qxf6 11. Be2 O-O-O 12. c3 Rhe8 13. b4 Bxf3 14. Bxf3 e5 15. Qa4 Kb8 16. Rfe1 Nb6 17. Qb3 exd4 18. cxd4 Re7 19. a4 Rxd4 20. a5 Nc4 21. Rxe7 Qxe7 22. Qc3 Qe5 23. Re1 Qf6 24. Qxd4 Nd6 25. Qxf6 gxf6 26.
Bd5 c6 27. Ba2 Kc7 28. Re7+ Kd8 29. Re1 Kc7 30. g3 b5 31. Bxf7 Kd7 32. Bg8 h6 33.
h4 c5 34. bxc5 Nb7 35. Rd1+ Kc7 36. c6 Nxa5 37. Bd5 Nc4 38. Bxc4 bxc4 39. Rc1 Kxc6 40. Rxc4+ Kb5 41. Rc1 a5 42. g4 a4 43. f4 a3 44.
g5 hxg5 45. fxg5 fxg5 46. hxg5 Kb4 47. g6 Kb3 48. g7 Kb2 49. Rf1 a2 50. g8=Q a1=Q 51.
Qg7+ Kb3 52. Qxa1 Kc4 53. Rc1+ Kd3 54. Rd1+ Ke4 55. Qd4+ Kf5 56. Rf1+ Kg6 57. Rf6+ Kg7 58. Rf5+ Kg6 59. Qg4+ Kh6 60. Rh5# 1-0

[Event "Early-Titled-Tuesday-Blitz-January-30-2024"]
[Site "Chess.com"]
[Date "2024.01.30"]
[Round "4"]
[White "Agibileg"]
[Black "xakevicius91"]
[Result "1/2-1/2"]
[WhiteElo "2757"]
[BlackElo "2568"]
[TimeControl "180+1"]
[EndTime "8:42:13 PST"]
[Termination "Game drawn - insufficient material"]

1. d4 Nf6 2. c4 e6 3. Nc3 Bb4 4. e3 O-O 5. Bd3 d5 6. a3 Bxc3+ 7. bxc3 dxc4 8. Bxc4 c5 9. Nf3 Qc7 10. Be2 b6 11. Bb2 Ba6 12. c4 cxd4 13. Nxd4 Nbd7 14.
O-O Rac8 15. Rc1 Rfd8 16. Nb5 Bxb5 17. cxb5 Nc5 18. Qc2 Qe7 19. Bf3 h6 20. Bc6 Nd3 21. Bxf6 Qxf6 22. Rcd1 Nc5 23. h3 Qe5 24. Qc4 g6 25. Qh4 Qg5 26. Qxg5 hxg5 27. f3 Kg7 28. Kf2 f5 29. Ke2 Kf6 30. f4 e5 31. fxe5+ Kxe5 32. Rxd8 Rxd8 33. Rd1 Rxd1 34. Kxd1 f4 35. Ke2 Ne4 36.
Be8 Nd6 37. Bc6 Nf5 38. exf4+ gxf4 39. Kf3 g5 40. Bd7 Ne3 41. a4 Nd5 42. Bc6 Nc3 43. Kg4 Kf6 44. h4 gxh4 45. Kxf4 Nxa4 46. Kg4 Nc5 47. Kxh4 a5 48. Kh5 Kg7 49. Kg5 a4 50.
Kf4 a3 51. Bd5 Na4 52. Ke5 Nc3 53. Bc4 Nxb5 54. Kd5 Nc3+ 55. Kd4 a2 56. Bxa2 Nxa2 57. Kc4 Nc1 58. Kb5 Kg6 59. Kxb6 Kg5 60. g4 Kxg4 1/2-1/2

[Event "Early-Titled-Tuesday-Blitz-January-30-2024"]
[Site "Chess.com"]
[Date "2024.01.30"]
[Round "4"]
[White "Natalya_Buksa"]
[Black "UK_23"]
[Result "0-1"]
[WhiteElo "2579"]
[BlackElo "2407"]
[TimeControl "180+1"]
[EndTime "8:42:14 PST"]
[Termination "UK_23 won by resignation"]

1. d4 d5 2. Nc3 c6 3. Bf4 Bf5 4. e3 Nd7 5. Nf3 e6 6. Ne5 Nxe5 7. Bxe5 Nf6 8. f3 Bg6 9. g4 Nd7 10. Bg3 h5 11. gxh5 Bxh5 12. Be2 Bb4 13. Qd2 Qa5 14. a3 Bxc3 15. bxc3 b5 16. Kf2 Nb6 17. e4 Bg6 18.
Qe3 Na4 19. c4 bxc4 20. Rhb1 O-O 21. Rb7 Qc3 22. Qxc3 Nxc3 23. Bf1 dxe4 24. Bxc4 exf3 25. Kxf3 Be4+ 26. Ke3 Bd5 27. Bd3 a6 28. a4 f5 29.
Be5 Rf7 30. Rxf7 Kxf7 31. a5 g5 32. Kd2 Ne4+ 33. Bxe4 Bxe4 34. Rb1 Kg6 35. Rb7 f4 36. Rg7+ Kf5 37. h3 Bg2 38. Rf7+ Ke4 39. Rh7 f3 40. Bg3 Kxd4 41. Bf2+ Ke4 42. Rh5 Rg8 43. Rh6 Kf5 44. Bd4 e5 45. Bf2 Ke4 46. Rxc6 Rd8+ 47. Ke1 Bxh3 48. Rxa6 Bg2 49. Rg6 Kf5 50. Rb6 Rh8 51.
a6 Rh1+ 52. Kd2 Ra1 53. Rd6 g4 54. a7 Kf4 55. Rf6+ Ke4 56. Rf8 g3 57. Bb6 f2 58.
Bxf2 gxf2 59. Rxf2 Bf3 60. Rh2 Rxa7 61. Rh4+ Kf5 62.
Ke3 e4 63. Rf4+ Ke5 64. Rf8 Ra3+ 65. Kf2 Bd1 66. c4 Kd4 67. Ke1 Bf3 68. Kf2 Ra2+ 69.
Ke1 Ke3 70. Rxf3+ exf3 0-1